 Dungeon Crawl Stone Soup version 0.29-a0-378-gc08b2e8bf8 (webtiles) character file.

Game seed: 16657980698812149279

205 Bruhh the Skirmisher (level 6, -2/53 HPs)
             Began as a Human Monk on May 5, 2022.
             Slain by Terence
             ... wielding a +0 short sword
              (8 damage)
             ... on level 3 of the Dungeon.
             The game lasted 00:07:13 (2927 turns).

Bruhh the Skirmisher (Human Monk)                   Turns: 2927, Time: 00:07:14

Health: -2/53      AC:  3    Str: 11    XL:     6   Next: 9%
Magic:  6/6        EV: 12    Int: 10    God:
Gold:   117        SH:  5    Dex: 18    Spells: 5/5 levels left

rFire   . . .      SeeInvis .   k - +1 whip (pain)
rCold   . . .      Faith    .   (no shield)
rNeg    . . .      Spirit   .   p - +0 leather armour
rPois   .          Reflect  +   (no helmet)
rElec   .          Harm     .   (no cloak)
rCorr   .          Rampage  .   (no gloves)
Will    .....      Rage     1%  (no boots)
Stlth   ++........              m - amulet of reflection
HPRegen 0.17/turn               (no ring)
MPRegen 0.10/turn               (no ring)

@: no status effects
A: berserk 1, deterioration 1
a: no special abilities


You were on level 3 of the Dungeon.
You visited 1 branch of the dungeon, and saw 3 of its levels.

You collected 117 gold pieces.

Inventory:

Hand Weapons
 a - a +0 falchion
 k - a +1 whip of pain (weapon)
Armour
 b - a +0 robe
 p - a +0 leather armour (worn)
Jewellery
 m - an amulet of reflection (around neck)
Scrolls
 e - a scroll of fog {unknown}
 f - a scroll of enchant weapon {unknown}
 g - 2 scrolls of teleportation {unknown}
 j - a scroll of identify {unknown}
Potions
 c - a potion of ambrosia
 n - a potion of flight


   Skills:
 + Level 6.3 Fighting
 - Level 3.0 Long Blades
 - Level 3.0 Dodging
 - Level 2.0 Stealth


You had 5 spell levels left.
You didn't know any spells.
Your spell library was empty.

Dungeon Overview and Level Annotations

Branches:
Dungeon (3/15)

Altars:

Annotations:
D:3 Terence


Innate Abilities, Weirdness & Mutations

You tend to lose your temper in combat.
Your body sometimes deteriorates upon taking damage.


Message History

You block the ball python's attack. The ball python grabs you.
The ball python constricts you.
You hit the ball python but do no damage.
You block the ball python's attack. The ball python constricts you.
You hit the ball python.
You kill the ball python!
The orc priest looks braver for a moment.
Terence hits you with a +0 short sword.
You hit Terence but do no damage. Terence closely misses you.
You hit Terence but do no damage.
The orc priest calls down the wrath of Beogh upon you.
Beogh smites you! Terence hits you with a +0 short sword!
You hit Terence.
Terence is lightly wounded.
Terence hits you with a +0 short sword.
* * * LOW HITPOINT WARNING * * *
You closely miss Terence.
Terence is lightly wounded.
You block Terence's attack.
You hit Terence.
Terence is lightly wounded.
Terence says, "You're history."
Terence completely misses you.
You hit Terence.
Terence is moderately wounded.
The orc priest invokes the aid of Beogh against you.
Beogh smites you!
* * * LOW HITPOINT WARNING * * *
Terence barely misses you.
It was a potion of mutation.
You feel extremely strange.
You feel yourself wasting away.
You feel a little pissed off. Terence misses you.
Sorry, you're not good enough to have a special ability.
You closely miss Terence.
Terence is lightly wounded.
You block Terence's attack.
You hit Terence.
Terence is moderately wounded.
Terence hits you with a +0 short sword!
You die...

### ... #.#
#.###.###.#
#....o....#
#@# #@#
#.##
####..#
#.....#
#.###.# #
#.# #.# #.#
#.# #.# #.#


You could see Terence and an orc priest.

Vanquished Creatures
  Pargi (D:3)
  An orc wizard (D:3)
  4 adders
  A dart slug (D:1)
  2 orcs (D:3)
  5 ball pythons
  2 bats (D:1)
  4 endoplasms
  2 giant cockroaches (D:2)
  4 hobgoblins
  3 jackals
  2 frilled lizards (D:2)
  6 goblins
  5 kobolds
  5 rats
47 creatures vanquished.

Vanquished Creatures (others)
  2 demonic plants (D:3)
2 creatures vanquished.

Grand Total: 49 creatures vanquished

Notes
Turn   | Place    | Note
-------+----------+-------------------------------------------
     0 | D:1      | Bruhh the Human Monk began the quest for the Orb.
     0 | D:1      | Reached XP level 1. HP: 18/18 MP: 1/1
   286 | D:1      | Reached XP level 2. HP: 17/24 MP: 2/2
  1110 | D:2      | Reached skill level 4 in Fighting
  1110 | D:2      | Reached XP level 3. HP: 26/30 MP: 3/3
  1368 | D:2      | Reached XP level 4. HP: 15/38 MP: 4/4
  2326 | D:3      | Noticed Pargi
  2476 | D:3      | Killed Pargi
  2477 | D:3      | Reached skill level 6 in Fighting
  2477 | D:3      | Reached XP level 5. HP: 30/46 MP: 5/5
  2892 | D:3      | Noticed Terence
  2915 | D:3      | Reached XP level 6. HP: 36/52 MP: 6/6
  2925 | D:3      | Gained mutation: Your body sometimes deteriorates upon
                  | taking damage. [potion of mutation]
  2925 | D:3      | Gained mutation: You tend to lose your temper in combat.
                  | [potion of mutation]
  2927 | D:3      | Slain by Terence

Illustrated notes

Levels and vault maps discovered:
D:1:      dpeg_arrival_round_a, layout_basic
D:2:      layout_rooms
D:3:      layout_loops_ring, dreamdust_ecumenical_altar_sealed_demon,
          minmay_randomly_rotated_circles, uniq_natasha, uniq_pargi,
          uniq_terence

Skill      XL: |  1  2  3  4 |
---------------+-------------+-----
Fighting       | 4 6 |  6.3
Long Blades    | |  3.0
Dodging        | |  3.0
Stealth        | |  2.0

Action                   |  1- 3 |  4- 6 || total
-------------------------+-------+-------++-------
Melee: Falchion          |    54 |       ||    54
       Whip              |    51 |   115 ||   166
       Punch             |     2 |       ||     2
  Use: Potion            |       |     9 ||     9
 Stab: Sleeping          |     3 |       ||     3
Armor: Robe              |     9 |     1 ||    10
       Leather armour    |       |    31 ||    31
       Skin              |       |     8 ||     8
Dodge: Dodged            |    83 |    90 ||   173
Block: Other             |     4 |    37 ||    41

Table legend: (Time is in decaauts)
 A = Elapsed time spent in this place.
 B = Non-inter-level travel time spent in this place.
 C = Inter-level travel time spent in this place.
 D = Time resting spent in this place.
 E = Time spent auto-exploring this place.
 F = Levels seen in this place.
 G = Mean time per level.
                   A        B        C        D        E       F      G
               +--------+--------+--------+--------+--------+-----+--------+
         Total |   2938 |   2914 |     24 |      0 |   2351 |   3 |  979.3 |
       Dungeon |   2938 |   2914 |     24 |      0 |   2351 |   3 |  979.3 |
               +--------+--------+--------+--------+--------+-----+--------+

Top non-repeatable levels by time:
     D:2: 1579 daAuts
     D:1: 814 daAuts
     D:3: 544 daAuts
